 Dungeon Crawl Stone Soup version 0.25-a0-41-g6cf4ce5 (webtiles) character file.

Game seed: 12097978763129804721, levelgen mode: deterministic

5462 BoppinsLewinski the Spear-Bearer (level 11, 63/83 HPs)
             Began as a Human Gladiator on Oct 21, 2019.
             Was an Initiate of Gozag.
             Starved to death
             ... while paralysed
             ... on level 1 of the Lair of Beasts.
             The game lasted 00:25:04 (10345 turns).

BoppinsLewinski the Spear-Bearer (Human Gladiator) Turns: 10345, Time: 00:25:05

Health: 63/83      AC: 12    Str: 17    XL:     11   Next: 0%
Magic:  14/14      EV:  2    Int:  9    God:    Gozag
Gold:   747        SH:  0    Dex: 13    Spells: 10/10 levels left

rFire    x . .     SeeInvis .   a - +0 trident
rCold    + . .     Gourm    .   (no shield)
rNeg     . . .     Faith    .   G - +0 chain mail
rPois    .         Spirit   .   c - +0 helmet
rElec    .         Reflect  +   (no cloak)
rCorr    .         Harm     .   (no gloves)
MR       .....                  g - +0 pair of boots
Stlth    ..........             F - +4 amulet of reflection
HPRegen  0.23/turn              o - ring of ice
MPRegen  0.14/turn              (no ring)

@: paralysed, fainting
A: clumsy 1, wild magic 1, MP-powered wands
a: Potion Petition, Call Merchant, Bribe Branch, Renounce Religion


You were on level 1 of the Lair of Beasts.
You worshipped Gozag.
Gozag was pleased with you.
You were fainting.

You visited 3 branches of the dungeon, and saw 10 of its levels.

You collected 1124 gold pieces.
You spent 324 gold pieces at shops.
You paid 53 gold pieces to Gozag.

Inventory:

Hand Weapons
 a - a +0 trident (weapon)
Armour
 c - a +0 helmet (worn)
 g - a +0 pair of boots (worn)
 G - a +0 chain mail (worn)
Jewellery
 o - a ring of ice (left hand)
 F - a +4 amulet of reflection (around neck)
Wands
 d - a wand of iceblast (17)
 e - a wand of digging (2)
 h - a wand of enslavement (5)
 D - a wand of random effects (5)
Scrolls
 b - 3 scrolls of magic mapping
 f - a scroll of immolation {unknown}
 j - 7 scrolls of remove curse
 k - a scroll of fog {unknown}
 n - a scroll of vulnerability
 r - a scroll of summoning
 s - 2 scrolls of teleportation {unknown}
 t - a scroll of fear {unknown}
 u - a scroll of blinking
 v - 2 scrolls of amnesia {unknown}
 x - 5 scrolls of noise {unknown}
 y - 3 scrolls of random uselessness {unknown}
 A - a scroll of enchant weapon
 B - a scroll of identify
 E - a scroll of enchant armour {unknown}
Potions
 i - 3 potions of curing
 l - a potion of resistance
 m - 4 potions of haste
 p - a potion of ambrosia
 q - a potion of cancellation
 w - 2 potions of brilliance
 H - a potion of flight {unknown}


   Skills:
 + Level 6.9 Fighting
 * Level 9.8 Polearms
 - Level 2.0 Throwing
 + Level 6.3 Armour
 + Level 7.2 Dodging
 + Level 5.2 Evocations


You had 10 spell levels left.
You didn't know any spells.
Your spell library contained the following spells:

 Spells                   Type           Power        Failure   Level  Hunger
 Confusing Touch          Hex            #.....       99%         1    ##.....
 Confuse                  Hex            #.......     100%        3    ####...
 Gell's Gravitas          Tloc           #.........   100%        3    ####...
 Petrify                  Tmut/Erth      #.......     100%        4    #####..
 Metabolic Englaciation   Hex/Ice        #.........   100%        5    ######.
 Yara's Violent Unravell  Hex/Tmut       #.........   100%        5    ######.


Dungeon Overview and Level Annotations

Branches:
Dungeon (8/15)             Temple (1/1) D:4            Lair (1/6) D:8

Altars:
Ashenzari
Cheibriados
Dithmenos
Elyvilon
Fedhas
Gozag
Hepliaklqana
Kikubaaqudgha
Makhleb
Nemelex Xobeh
Okawaru
Qazlal
Ru
Sif Muna
Trog
Uskayaw
Vehumet
Wu Jian
Xom
Yredelemnul
Zin
The Shining One

Shops:
D:4 (   D:6 =   D:7 [


Innate Abilities, Weirdness & Mutations

You are clumsy. (Dex -2)
Your spells are a little harder to cast, but a little more powerful.
You expend magic power (3 MP) to strengthen your wands.


Message History

Yer too hungry ta rest.
Yer too hungry ta rest.
Yer too hungry ta rest.
Yer too hungry ta rest.
Yer too hungry ta rest.
Yer too hungry ta rest.
Yer too hungry ta rest.
Yer too hungry ta rest.
Yer too hungry ta rest.
Yer too hungry ta rest.
Yer too hungry ta rest.
Ye be faintin' from starvation!
Ye lose consciousness!
Ye can move again.
Ye lose consciousness!
Ye can move again.
Ye lose consciousness!
Ye haf starved ta death.
Ye die...
Yer body crumbles inta a pile o' gold.

#..## #.#.#### # ##..P#######
#......## #..........#
#.......## #..#########
#........## #..# ##........#
.#####..## #.........
#........### ####.........
########...######.##.........
###..@##..............
####.....###........ #...###
##....... ##..# #.......
##..# #....... #...# ##......
##..# #...... ##.## ##.....
##..# ##.(.##


There were no monsters in sight!

Vanquished Creatures
  A spiny frog (Lair:1)
  A komodo dragon (Lair:1)
  Prince Ribbit (Lair:1)
  8 blink frogs (Lair:1)
  3 hippogriffs (Lair:1)
  Grinder (D:6)
  A wyvern (D:8)
  A basilisk (Lair:1)
  A hungry ghost (D:7)
  2 water moccasins (D:8)
  A necrophage (D:5)
  A phantom (D:5)
  An ogre (D:6)
  3 centaurs
  A crocodile (Lair:1)
  3 bullfrogs
  2 scorpions (D:5)
  2 howler monkeys
  An electric eel (Lair:1)
  A jelly (D:8)
  A centaur zombie (D:3)
  A crimson imp (D:6)
  6 hounds
  4 orc priests
  A bullfrog skeleton (D:7)
  A centaur skeleton (D:6)
  An iguana (D:5)
  4 worker ants
  A killer bee zombie (D:7)
  A worker ant zombie (D:5)
  10 adders
  A howler monkey skeleton (D:4)
  2 shadow imps (D:5)
  An ooze (D:3)
  An adder zombie (D:6)
  An adder skeleton (D:4)
  2 worms (D:2)
  3 dart slugs
  5 leopard geckos
  11 orcs
  4 giant cockroaches
  5 goblins
  6 hobgoblins
  12 jackals
  4 quokkas
  11 bats
  8 frilled lizards
  4 kobolds
  8 rats
156 creatures vanquished.

Vanquished Creatures (collateral kills)
  A frilled lizard (D:4)
1 creature vanquished.

Vanquished Creatures (others)
  A centaur (D:8)
  An orc (D:4)
2 creatures vanquished.

Grand Total: 159 creatures vanquished

Notes
Turn   | Place    | Note
-------+----------+-------------------------------------------
     0 | D:1      | BoppinsLewinski the Human Gladiator began the quest for the
                  | Orb.
     0 | D:1      | Reached XP level 1. HP: 16/16 MP: 1/1
   129 | D:1      | Reached XP level 2. HP: 20/22 MP: 2/2
   717 | D:1      | Reached XP level 3. HP: 24/27 MP: 3/3
   891 | D:2      | Reached skill level 1 in Armour
  1180 | D:2      | Reached XP level 4. HP: 29/34 MP: 4/4
  2040 | D:3      | Reached skill level 4 in Polearms
  2049 | D:3      | Noticed a bullfrog
  2058 | D:3      | Killed a bullfrog
  2058 | D:3      | Reached XP level 5. HP: 35/41 MP: 5/5
  2177 | D:3      | Gained mutation: Your spells are a little harder to cast,
                  | but a little more powerful. [potion of mutation]
  2177 | D:3      | Gained mutation: You are clumsy. (Dex -2) [potion of
                  | mutation]
  2177 | D:3      | Gained mutation: You expend magic power (3 MP) to
                  | strengthen your wands. [potion of mutation]
  2186 | D:3      | Reached XP level 6. HP: 47/47 MP: 6/6
  2538 | D:3      | Found a shattered altar of Ashenzari.
  2539 | D:3      | Found an ancient bone altar of Kikubaaqudgha.
  3031 | D:4      | Reached skill level 5 in Polearms
  3134 | D:4      | Found a basalt altar of Yredelemnul.
  3148 | D:4      | Found Ikaschitt's Antique Weapon Shop.
  3207 | D:4      | Reached XP level 7. HP: 44/52 MP: 5/7
  3427 | D:4      | Found a staircase to the Ecumenical Temple.
  3436 | Temple   | Entered the Ecumenical Temple
  3784 | Temple   | Became a worshipper of Gozag Ym Sagoz the Greedy
  3998 | D:5      | Entered Level 5 of the Dungeon
  4719 | D:5      | Reached skill level 6 in Polearms
  4719 | D:5      | Reached XP level 8. HP: 46/60 MP: 8/8
  5141 | D:5      | Reached skill level 1 in Evocations
  5650 | D:6      | Found Edetuoj's Jewellery Emporium.
  5669 | D:6      | Bought a +4 amulet of reflection for 324 gold pieces
  6013 | D:6      | Reached skill level 5 in Dodging
  6228 | D:6      | Noticed Grinder
  6239 | D:6      | Killed Grinder
  6239 | D:6      | Reached skill level 7 in Polearms
  6239 | D:6      | Reached XP level 9. HP: 67/67 MP: 1/10
  6687 | D:7      | Reached skill level 5 in Fighting
  7243 | D:7      | Found a white marble altar of Elyvilon.
  7365 | D:7      | Found a blossoming altar of Fedhas.
  7455 | D:7      | Found Cogoz's Antique Armour Shoppe.
  8077 | D:8      | Reached skill level 8 in Polearms
  8633 | D:8      | Reached skill level 5 in Armour
  8819 | D:8      | Found a staircase to the Lair.
  8828 | Lair:1   | Entered Level 1 of the Lair of Beasts
  8836 | Lair:1   | Noticed a hippogriff
  8850 | Lair:1   | Killed a hippogriff
  8850 | Lair:1   | Reached XP level 10. HP: 45/76 MP: 7/12
  9525 | Lair:1   | Reached skill level 9 in Polearms
  9874 | Lair:1   | Noticed a spiny frog
  9881 | Lair:1   | Killed a spiny frog
  9919 | Lair:1   | Noticed a komodo dragon
  9925 | Lair:1   | Killed a komodo dragon
  9936 | Lair:1   | Noticed Prince Ribbit
  9953 | Lair:1   | Killed Prince Ribbit
  9953 | Lair:1   | Reached skill level 5 in Evocations
 10082 | Lair:1   | HP: 3/77 [something (2)]
 10091 | Lair:1   | Reached XP level 11. HP: 5/83 MP: 7/14
 10250 | Lair:1   | Paralysed by fainting for 12 turns
 10315 | Lair:1   | Paralysed by fainting for 11 turns
 10337 | Lair:1   | Paralysed by fainting for 9 turns
 10345 | Lair:1   | Starved to death

Levels and vault maps discovered:
D:1:      lightli_molten_gateway, layout_loops_ring
D:2:      layout_basic, nrook_loot_triangle
D:3:      layout_rooms, gammafunk_temple_overflow_statue, first_ration
D:4:      layout_gridville, yredelemnul_altar_generic,
          minmay_temple_entry_waves, serial_shops,
          nicolae_shop_overgrown_old_shop
D:5:      layout_cave_pools, serial_column_ruins, column_ruins_hut,
          column_ruins_hut_ruined, column_ruins_open_tiny_water,
          column_ruins_corridor_T, column_ruins_open_medium,
          minmay_stone_trees_small
D:6:      layout_basic, serial_shops, nicolae_shop_stone,
          chequers_serial_rivers_small_b, uniq_grinder
D:7:      layout_cave_pods, lemuel_round_altar, basic_altar, serial_shops, shop
D:8:      layout_gridville, lair_entry_dummy
Temple:   dpeg_five_rooms_temple
Lair:1:   layout_cave_pods, mumra_transporter_accident, serial_bayou_ford_a,
          uniq_prince_ribbit2

Skill      XL: |  1  2  3  4  5  6  7  8  9 10 |
---------------+-------------------------------+-----
Armour         | 1 2 3 4 5 6 |  6.3
Polearms       | 4 5 6 7 8 9 |  9.8
Fighting       | 3 4 5 6 |  6.9
Dodging        | 4 5 6 7 |  7.2
Evocations     | 2 3 5 |  5.2
Throwing       | |  2.0

Action                   |  1- 3 |  4- 6 |  7- 9 | 10-12 || total
-------------------------+-------+-------+-------+-------++-------
Melee: Trident           |   120 |   224 |   428 |   160 ||   932
Throw: Throwing net      |     3 |     4 |       |       ||     7
Invok: Potion Petition   |       |       |       |     1 ||     1
Evoke: Wand              |       |     2 |    15 |    11 ||    28
  Use: Potion            |       |     5 |     2 |     5 ||    12
       Scroll            |       |       |    14 |       ||    14
 Stab: Sleeping          |     2 |       |       |       ||     2
       Paralysed         |       |       |    13 |       ||    13
       Invisible         |       |       |       |    11 ||    11
  Eat: Chunk             |       |     7 |     1 |       ||     8
       Ration            |       |       |     8 |     1 ||     9
Armor: Leather armour    |    30 |       |       |       ||    30
       Scale mail        |    15 |    87 |    66 |       ||   168
       Skin              |       |     6 |       |       ||     6
       Chain mail        |       |       |   103 |    50 ||   153
Dodge: Dodged            |    92 |   101 |   193 |    76 ||   462
Block: Other             |       |       |    40 |    21 ||    61
       Reflection        |       |       |     4 |       ||     4

Table legend:
 A = Non-vault XP
 B = Vault XP
 C = Vault XP percentage of total XP
 D = Non-vault monster count
 E = Vault monster count
 F = Vault count percentage of total count
                 A         B        C        D         E       F
            +---------+---------+-------+---------+---------+-------
      Total |    6489 |    1315 |  16.9 |     153 |       5 |   3.2
            +---------+---------+-------+---------+---------+-------
        D:1 |      38 |       0 |   0.0 |      21 |       0 |   0.0
        D:2 |      82 |       0 |   0.0 |      24 |       0 |   0.0
        D:3 |     344 |       0 |   0.0 |      31 |       0 |   0.0
        D:4 |     277 |       0 |   0.0 |      13 |       0 |   0.0
        D:5 |     558 |       0 |   0.0 |      13 |       0 |   0.0
        D:6 |     446 |     262 |  37.0 |      12 |       1 |   7.7
        D:7 |     609 |       0 |   0.0 |      11 |       0 |   0.0
        D:8 |     848 |       0 |   0.0 |      15 |       0 |   0.0
     Lair:1 |    3287 |    1053 |  24.3 |      13 |       4 |  23.5
            +---------+---------+-------+---------+---------+-------
